 Dungeon Crawl Stone Soup version 0.31-a0-981-geadf994542 (webtiles) character file.

Game seed: 15220415932167144662

739 BinkBink the Ducker (level 7, -1/58 HPs)
             Began as a Merfolk Monk on Nov 1, 2023.
             Slain by a water moccasin (4 damage)
             ... on level 5 of the Dungeon.
             The game lasted 00:05:24 (3457 turns).

BinkBink the Ducker (Merfolk Monk)                  Turns: 3457, Time: 00:05:24

Health: -1/58      AC:  3    Str: 17    XL:     7   Next: 75%
Magic:  7/7        EV: 16    Int: 10    God:
Gold:   72         SH:  0    Dex: 18    Spells: 6/6 levels left

rFire   . . .        h - +1 long sword
rCold   . . .        d - orb {light}
rNeg    . . .        b - +0 robe
rPois   .            (no helmet)
rElec   .            (no cloak)
rCorr   .            (no gloves)
SInv    +            l - +0 pair of boots
Will    .....        (no amulet)
Stlth   +            u - +6 ring of strength
HPRegen 0.29/turn    w - ring of see invisible
MPRegen 0.10/turn

%: no passive effects
@: glowing
A: (nimble swimmer 2), mertail
a: no special abilities


You were on level 5 of the Dungeon.
You visited 1 branch of the dungeon, and saw 5 of its levels.

You collected 72 gold pieces.

Inventory:

Hand Weapons
 h - a +1 long sword (weapon)
Missiles
 a - 3 throwing nets
Armour
 b - a +0 robe (worn)
 d - an orb of light (worn)
 l - a +0 pair of boots (worn)
Jewellery
 u - a +6 ring of strength (left hand)
 w - a ring of see invisible (right hand)
Scrolls
 e - a scroll of acquirement {unknown}
 i - 3 scrolls of enchant weapon
 n - a scroll of fear {unknown}
 o - a scroll of revelation {unknown}
 q - a scroll of blinking {unknown}
 r - a scroll of poison {unknown}
Potions
 g - a potion of attraction {unknown}
 j - a potion of enlightenment {unknown}
 m - a potion of berserk rage {unknown}
 p - a potion of cancellation {unknown}
 s - a potion of invisibility {unknown}
 t - a potion of lignification {unknown}
 v - a potion of degeneration {unknown}


   Skills:
 + Level 6.2 Fighting
 + Level 6.7 Long Blades
 + Level 7.4 Dodging


You had 6 spell levels left.
You didn't know any spells.
Your spell library contained the following spells:

 Spells                   Type           Power      Damage    Failure   Level
 Magic Dart               Conj           0%         1d3       36%         1
 Call Imp                 Summ           0%         N/A       50%         2
 Mephitic Cloud           Conj/Pois/Air  0%         N/A       75%         3


Dungeon Overview and Level Annotations

Branches:
Dungeon (5/15)
 Temple: D:4-7

Altars:
Kikubaaqudgha
Okawaru
Ru
The Shining One

Shops:
D:3 =


Innate Abilities, Weirdness & Mutations

((You are very nimble when in or above water. (Stealth+, EV+, Speed+++)))
Your lower body shifts to a powerful aquatic tail in water.


Message History

The water moccasin is severely wounded.
You feel sick.
The water moccasin completely misses you.
The water moccasin barely misses you.
Unknown command.
You barely miss the water moccasin.
The water moccasin is severely wounded.
You feel sick. The water moccasin closely misses you.
Unknown command.
You barely miss the water moccasin.
The water moccasin is severely wounded.
You feel sick. The water moccasin bites you.
* * * LOW HITPOINT WARNING * * *
The water moccasin bites you.
* * * LOW HITPOINT WARNING * * *
You feel better. The water moccasin misses you.
You closely miss the water moccasin.
The water moccasin is severely wounded.
The water moccasin misses you. The water moccasin bites you.
* * * LOW HITPOINT WARNING * * *
You are poisoned.
The water moccasin poisons you!
You hit the water moccasin.
The water moccasin is severely wounded.
* * * LOW HITPOINT WARNING * * *
You feel very sick.
The water moccasin bites you but does no damage.
Unknown command.
You barely miss the water moccasin.
The water moccasin is severely wounded.
You feel sick. The water moccasin bites you!
* * * LOW HITPOINT WARNING * * *
The water moccasin completely misses you.
You feel better. The water moccasin closely misses you.
You hit the water moccasin.
The water moccasin is almost dead.
The water moccasin bites you.
* * * LOW HITPOINT WARNING * * *
The water moccasin bites you.
You die...

# #######
..###.....##
$...[......#
.
...........#
.
>..........#
.
...........#
# ###'### ##
# #...S.#..#
# #...@<..#
# #.......#
# #.......#
# #.......#
# #.......#
# #.......#
# #.......#
# #....##.#
#


You could see a water moccasin.

Vanquished Creatures
  Grinder (D:3)
  Duvessa (D:4)
  A phantom (D:4)
  A scorpion (D:4)
  Dowan (D:4)
  2 killer bees (D:4)
  An iguana (D:2)
  3 gnolls (D:3)
  3 adders
  3 worms (D:2)
  6 orcs (D:3)
  5 ball pythons
  4 endoplasms
  4 giant cockroaches
  7 goblins
  10 hobgoblins
  3 jackals (D:1)
  8 kobolds
  5 quokkas
  6 bats
  A frilled lizard (D:1)
  3 rats
79 creatures vanquished.

Vanquished Creatures (others)
  A minotaur (D:1)
  2 octopodes (D:1)
  A merfolk (D:1)
  A spriggan (D:1)
  A vampire (D:1)
  2 humans (D:1)
  A dwarf (D:1)
  A felid (D:1)
  A mummy (D:1)
  2 gnolls (D:1)
  An orc (D:1)
  A kobold (D:1)
  5 tentacles (D:1)
20 creatures vanquished.

Grand Total: 99 creatures vanquished

Notes
Turn   | Place    | Note
-------+----------+-------------------------------------------
     0 | D:1      | BinkBink the Merfolk Monk began the quest for the Orb.
     0 | D:1      | Reached XP level 1. HP: 18/18 MP: 1/1
     2 | D:1      | Noticed an octopode
     2 | D:1      | Noticed a human
     2 | D:1      | Noticed a merfolk
     2 | D:1      | Noticed a felid
     2 | D:1      | Noticed a kraken
     2 | D:1      | Noticed a spriggan
     2 | D:1      | Noticed a vampire
     2 | D:1      | Noticed a dwarf
     2 | D:1      | Noticed an octopode
     2 | D:1      | Noticed a minotaur
     2 | D:1      | Noticed a human
     3 | D:1      | Killed an octopode
     4 | D:1      | Killed a human
     4 | D:1      | Killed an octopode
     5 | D:1      | Killed a felid
     7 | D:1      | Killed a merfolk
     7 | D:1      | Killed a vampire
     8 | D:1      | Killed a spriggan
    11 | D:1      | Killed a human
    12 | D:1      | Killed a dwarf
    13 | D:1      | Killed a minotaur
    56 | D:1      | Reached XP level 2. HP: 24/24 MP: 2/2
   185 | D:1      | Reached XP level 3. HP: 23/30 MP: 3/3
   930 | D:2      | Reached XP level 4. HP: 37/37 MP: 4/4
   939 | D:2      | Reached skill level 5 in Dodging
  1277 | D:3      | Found a faded altar of an unknown god.
  1401 | D:3      | Found an ancient bone altar of Kikubaaqudgha.
  1402 | D:3      | Noticed Grinder
  1412 | D:3      | Killed Grinder
  1413 | D:3      | Reached skill level 5 in Fighting
  1413 | D:3      | Reached skill level 5 in Long Blades
  1413 | D:3      | Reached skill level 6 in Dodging
  1413 | D:3      | Reached XP level 5. HP: 17/44 MP: 5/5
  1413 | D:3      | Reached XP level 6. HP: 20/51 MP: 6/6
  1591 | D:3      | Found Wiosch's Jewellery Shop.
  1981 | D:3      | Found a glowing golden altar of the Shining One.
  2143 | D:3      | Found a sacrificial altar of Ru.
  2403 | D:4      | Noticed Duvessa
  2403 | D:4      | Noticed Dowan
  2721 | D:4      | Reached XP level 7. HP: 50/57 MP: 7/7
  2938 | D:4      | Killed Duvessa
  2939 | D:4      | Reached skill level 7 in Dodging
  2945 | D:4      | Killed Dowan
  3271 | D:5      | Entered Level 5 of the Dungeon
  3272 | D:5      | Found an iron altar of Okawaru.
  3442 | D:5      | HP: 2/58 [poisoned by a water moccasin]
  3455 | D:5      | HP: 2/58 [water moccasin (7)]
  3457 | D:5      | Slain by a water moccasin

Illustrated notes

Levels and vault maps discovered:
D:1:      nicolae_arrival_kraken_aquarium_b, layout_rooms, st_stairs_5
D:2:      layout_basic, minmay_3d_cube
D:3:      layout_basic, nicolae_tso_carved_into_rock, lemuel_crystal_altar,
          nicolae_kikubaaqudgha_miasma_corner, shapermc_ecumenical_altar_ellora,
          serial_shops, nicolae_shop_gaudy_bauble, uniq_grinder
D:4:      layout_cave_pools, supply_closet_lemuel, uniq_duvessa
D:5:      layout_gridville, okawaru_ov_weapons_minmay,
          mainiacjoe_overflow_alcove_4, minmay_misc_feat_chi

Skill      XL: |  1  2  3  4  5  6  7 |
---------------+----------------------+-----
Long Blades    | 4 5 6 |  6.7
Fighting       | 4 5 6 |  6.2
Dodging        | 6 7 |  7.4

Action                     |  1- 3 |  4- 6 |  7- 9 || total
---------------------------+-------+-------+-------++-------
  Melee: Falchion          |    30 |       |       ||    30
         Long sword        |    76 |    95 |    55 ||   226
    Use: Scroll            |       |     1 |     1 ||     2
         Potion            |       |       |     6 ||     6
 Armour: Robe              |    63 |    47 |    47 ||   157
  Dodge: Dodged            |    83 |    63 |    64 ||   210

Table legend: (Time is in decaauts)
 A = Elapsed time spent in this place.
 B = Non-inter-level travel time spent in this place.
 C = Inter-level travel time spent in this place.
 D = Time resting spent in this place.
 E = Time spent auto-exploring this place.
 F = Levels seen in this place.
 G = Mean time per level.
                   A        B        C        D        E       F      G
               +--------+--------+--------+--------+--------+-----+--------+
         Total |   3489 |   3389 |    100 |    706 |   2054 |   5 |  697.8 |
       Dungeon |   3489 |   3389 |    100 |    706 |   2054 |   5 |  697.8 |
               +--------+--------+--------+--------+--------+-----+--------+

Top non-repeatable levels by time:
     D:3: 1287 daAuts
     D:4: 962 daAuts
     D:2: 674 daAuts
     D:1: 517 daAuts
     D:5: 48 daAuts
